Map: Newkirk Precinct TE (Void)

Players

Vergin - Winner!

  • Race: Protoss Protoss
  • League: Gold
  • Spawn Location: 7:00

Fropez

  • Race: Protoss Protoss
  • League: Gold
  • Spawn Location: 5:00

VOD

Have the link to the VOD?

Description

Time

  • Played on: Dec. 29, 2016, 5:33 p.m.
  • Length: 8:01
Show
View Real Time Build Order
Export as new Build Order

Vergin Protoss - Winner!

Build Orders:  

Get SALT Encoding   

  12  0:01  Probe (Chrono Boost)  
  13  0:12  Probe (Chrono Boost)  
  14  0:22  Pylon  
  14  0:23  Probe (Chrono Boost)  
  15  0:40  Probe (Chrono Boost)  
  16  0:47  Gateway  
  16  0:51  Probe (Chrono Boost)  
  16  0:56  Assimilator  
  17  1:01  Probe (Chrono Boost)  
  18  1:12  Probe (Chrono Boost)  
  18  1:17  Gateway  
  18  1:18  Pylon  
  19  1:22  Probe (Chrono Boost)  
  19  1:25  Assimilator  
  20  1:38  Cybernetics Core  
  20  1:46  Assimilator  
  20  1:50  Probe (Chrono Boost)  
  20  1:59  Gateway  
  20  2:15  Warp Gate  
  20  2:18  Probe (Chrono Boost)  
  21  2:28  Probe (Chrono Boost)  
  22  2:38  Stalker  
  22  2:39  Probe (Chrono Boost), Stalker  
  27  2:46  Pylon  
  27  2:49  Pylon, Probe (Chrono Boost)  
  28  3:20  Nexus  
  28  3:24  Pylon  
  28  3:36  Forge  
  28  3:42  Gateway  
  28  3:55  Assimilator  
  30  4:10  Photon Cannon  
  27  4:30  Probe (Chrono Boost)  
  28  4:38  Stalker x2  
  30  4:41  Probe (Chrono Boost)  
  30  4:42  Stalker  
  35  4:52  Robotics Facility  
  35  4:54  Stalker  
  37  5:07  Stalker  
  37  5:08  Stalker  
  37  5:11  Sentry  
  43  5:19  Stalker  
  42  5:34  Stalker x2  
  46  5:46  Stalker  
  48  6:01  Stalker x2  
  52  6:13  Stalker x2  
  46  7:07  Stalker  
  46  7:08  Stalker x3  
  52  7:22  Nexus  
  48  7:31  Stalker  
  48  7:34  Sentry x2  
  50  7:57  Stalker x2  
Show
View Real Time Build Order
Export as new Build Order

Fropez Protoss 

Build Orders: 1 Gate Expand 

Get SALT Encoding   

  12  0:01  Probe (Chrono Boost)  
  13  0:11  Probe (Chrono Boost)  
  14  0:18  Pylon  
  14  0:23  Probe (Chrono Boost)  
  15  0:36  Probe (Chrono Boost)  
  15  0:37  Gateway  
  16  0:47  Probe (Chrono Boost)  
  17  1:04  Probe (Chrono Boost)  
  18  1:17  Nexus  
  18  1:24  Probe (Chrono Boost)  
  19  1:34  Assimilator  
  19  1:35  Probe (Chrono Boost)  
  20  1:40  Cybernetics Core  
  20  1:46  Probe (Chrono Boost)  
  21  1:56  Probe (Chrono Boost)  
  21  2:00  Pylon  
  22  2:07  Probe (Chrono Boost)  
  23  2:18  Adept  
  25  2:27  Gateway  
  25  2:28  Warp Gate  
  25  2:29  Probe (Chrono Boost)  
  26  2:37  Pylon  
  26  2:41  Assimilator  
  26  2:42  Probe (Chrono Boost)  
  27  2:47  Adept  
  29  2:54  Pylon  
  29  3:01  Probe (Chrono Boost)  
  29  3:02  Probe (Chrono Boost)  
  31  3:12  Probe (Chrono Boost)  
  32  3:14  Adept  
  33  3:22  Probe (Chrono Boost)  
  33  3:23  Probe (Chrono Boost)  
  33  3:26  Adept  
  37  3:33  Probe (Chrono Boost)  
  40  3:36  Mothership Core (Chrono Boost)  
  40  3:43  Probe (Chrono Boost)  
  41  3:50  Pylon  
  41  3:54  Adept x2, Probe (Chrono Boost)  
  47  4:03  Probe (Chrono Boost)  
  47  4:04  Probe (Chrono Boost)  
  48  4:11  Robotics Facility  
  48  4:15  Probe (Chrono Boost)  
  48  4:16  Probe (Chrono Boost)  
  50  4:28  Assimilator  
  50  4:35  Stalker x2  
  50  4:38  Probe x2 (Chrono Boost)  
  56  4:48  Probe (Chrono Boost)  
  56  4:49  Assimilator  
  56  4:50  Pylon, Probe (Chrono Boost)  
  58  4:55  Observer  
  58  4:59  Probe (Chrono Boost)  
  60  5:00  Pylon  
  60  5:03  Probe (Chrono Boost)  
  60  5:06  Pylon  
  61  5:10  Probe (Chrono Boost)  
  63  5:15  Probe (Chrono Boost)  
  63  5:34  Adept x2  
  65  5:38  Immortal  
  65  5:47  Pylon  
  65  5:48  Pylon  
  69  5:52  Gateway  
  69  6:01  Pylon  
  68  6:05  Gateway  
  68  6:07  Forge  
  68  6:09  Mothership Core (Chrono Boost)  
  70  6:14  Immortal  
  66  6:27  Sentry  
  65  6:34  Probe (Chrono Boost)  
  65  6:46  Probe (Chrono Boost)  
  63  7:03  Stalker  
  63  7:04  Probe (Chrono Boost)  
  62  7:15  Pylon  
  62  7:19  Probe (Chrono Boost)  
  69  7:37  Nexus, Mothership Core (Chrono Boost)  
  69  7:40  Stalker  
  69  7:42  Pylon  
  71  7:46  Pylon  
Tags
 
Add a new tag
Caveats
  • Supply blocks, unpowered buildings, or Contaminate may cause inaccurate times.
  • Supply counts are checked every 10 seconds.